Description

Serral uses an Alphastar All-In versus Reynor. Reynor holds the all-in, but that doesn't stop it from being a fun and interesting build to try out on the ladder. Serral begins to move out across the map with 4 queens, 3 morphing ravagers, and 5 roaches around 4:30.

Replay - GOReynor v Serral: Game 2 - Ephemeron LE

Build Order

Get SALT Encoding   

  12  0:00  Drone  
  13  0:12  Overlord  
  13  0:17  Drone  
  14  0:30  Drone x2  
  16  0:48  Hatchery  
  15  0:51  Drone x2  Rally for Pool
  17  1:09  Spawning Pool  
  16  1:11  Drone x2  Rally for Gas
  19  1:18  Drone  
  19  1:25  Extractor  
  18  1:28  Drone  Rally to Gas
  20  1:49  Overlord  
  20  1:55  Queen x2  
  28  2:21  Zergling x2  
  28  2:22  Overlord  
  29  2:31  Queen x2  
  35  2:50  Evolution Chamber  
  38  2:58  Roach Warren  
  38  2:59  Extractor  
  42  3:15  Zerg Missile Weapons Level 1  
  42  3:18  Extractor  
  41  3:21  Overlord x2  
  41  3:43  Evolution Chamber  
  41  3:47  Roach x5  
  48  3:53  Roach x2  
  54  3:59  Roach  
  56  4:12  Roach x2  
  64  4:30  Ravager x4  
  79  5:07  Ravager  
  80  5:26  Ravager  
  90  5:47  Ravager  
  66  6:42  Ravager x2  
  66  6:43  Queen  
  78  7:06  Ravager  
  80  7:19  Queen  
Spawning Tool Build Advisor. Get it on Overwolf

Go to:

Details

  • Created by: Invux  
  • Published on: Nov 28, 2019
  • Modified on: Nov 28, 2019
  • Patch: 4.11.0
Show
View Real Time Build Order
Export as new Build Order

Comments (0)

There are no comments. Be the first!

Create an account to comment!